[Event "*** Titled Tuesday Blitz"]
[Site "Chess.com"]
[Date "2021.02.02"]
[Round "6"]
[White "OK97"]
[Black "Firegrizzly"]
[Result "1-0"]
[WhiteElo "2783"]
[BlackElo "2587"]
[TimeControl "180+1"]
[EndTime "11:06:17 PST"]
[Termination "OK97 won by resignation"]

1. d4 Nf6 2. c4 e6 3. Nc3 d5 4.
cxd5 exd5 5. Bg5 c6 6. Qc2 Bd6 7. e3 Nbd7 8. Bd3 h6 9. Bh4 O-O 10. Nge2 Re8 11. h3 Nf8 12. O-O Ne6 13. f4 Nf8 14.
Rf3 Be7 15. Raf1 b5 16. Nd1 Bb7 17. Ng3 Rc8 18. Nf5 a6 19. Rg3 Kh8 20. Rxg7 c5 21.
Rxf7 cxd4 22. Nxe7 Ne4 23. Bxe4 Rxe7 24. Bxe7 Rxc2 25. Bxd8 dxe4 26. Bf6+ Kg8 27. Rg7+ Kh8 28. Rxb7+ Kg8 29. Rg7+ 1-0

[Event "*** Titled Tuesday Blitz"]
[Site "Chess.com"]
[Date "2021.02.02"]
[Round "6"]
[White "adriangschnitzer"]
[Black "Vnebo"]
[Result "0-1"]
[WhiteElo "2501"]
[BlackElo "2726"]
[TimeControl "180+1"]
[EndTime "11:06:18 PST"]
[Termination "Vnebo won by resignation"]

1. e4 d5 2. exd5 Qxd5 3. d4 e5 4. dxe5 Qxd1+ 5. Kxd1 Nc6 6. f4 Bg4+ 7. Be2 O-O-O+ 8.
Ke1 Bf5 9. c3 f6 10. Nf3 Re8 11. Nd4 Be4 12. Bf3 fxe5 13. Nxc6 bxc6 14. Kf2 Bc5+ 15.
Be3 Bxe3+ 16. Kxe3 exf4+ 17. Kxf4 Nf6 18. Nd2 Rhf8 19.
Kg3 Bxf3 20. gxf3 Re2 21. Rad1 Nh5+ 22. Kh3 Nf4+ 23. Kh4 g5+ 24. Kxg5 Rg2+ 0-1

[Event "*** Titled Tuesday Blitz"]
[Site "Chess.com"]
[Date "2021.02.02"]
[Round "6"]
[White "chesslh19"]
[Black "TurboSteen"]
[Result "1-0"]
[WhiteElo "2253"]
[BlackElo "2034"]
[TimeControl "180+1"]
[EndTime "11:06:18 PST"]
[Termination "chesslh19 won by resignation"]

1. e4 e6 2. d4 d5 3. Nd2 Nf6 4.
e5 Nfd7 5. Bd3 c5 6. c3 Nc6 7. Ne2 cxd4 8. cxd4 f6 9. exf6 Nxf6 10. O-O Bd6 11.
Nf3 Qc7 12. g3 O-O 13. Bf4 Bxf4 14. Nxf4 Ne4 15. Rc1 Rxf4 16. gxf4 Qxf4 17. Bxe4 dxe4 18. Ne5 Nxe5 19. dxe5 Qxe5 20. Qd8+ Kf7 21. Rxc8 Rxc8 22.
Qxc8 Qg5+ 23. Kh1 Qg4 24. Qxb7+ Kf6 25. Qb3 1-0

[Event "*** Titled Tuesday Blitz"]
[Site "Chess.com"]
[Date "2021.02.02"]
[Round "6"]
[White "orrbaverlekszarnyon"]
[Black "chessmadara"]
[Result "0-1"]
[WhiteElo "2293"]
[BlackElo "2150"]
[TimeControl "180+1"]
[EndTime "11:06:23 PST"]
[Termination "chessmadara won by resignation"]

1. d4 Nf6 2. Nc3 d5 3. Bf4 g6 4.
Qd2 Bg7 5. f3 O-O 6. O-O-O c5 7.
e3 c4 8. g4 Qa5 9. Kb1 Nc6 10.
e4 dxe4 11. fxe4 Bxg4 12. Be2 Bd7 13. e5 Nd5 14. Nxd5 Qxd5 15. Bf3 Qb5 16. c3 a5 17.
h4 a4 18. h5 a3 19. Bh6 Bxh6 0-1

[Event "*** Titled Tuesday Blitz"]
[Site "Chess.com"]
[Date "2021.02.02"]
[Round "6"]
[White "ErikRonka"]
[Black "DenisQ"]
[Result "1-0"]
[WhiteElo "2478"]
[BlackElo "2642"]
[TimeControl "180+1"]
[EndTime "11:06:32 PST"]
[Termination "ErikRonka won by resignation"]

1. e4 c6 2. Nf3 d5 3. Nc3 Bg4 4. h3 Bh5 5. g4 Bg6 6. exd5 cxd5 7. Bb5+ Nc6 8. Ne5 Rc8 9. d4 e6 10. Qe2 Bd6 11. Nxg6 hxg6 12. Nxd5 Kf8 13. Bxc6 Rxc6 14.
Ne3 Bb4+ 15. Bd2 Be7 16. c3 Nf6 17. f3 Qa5 18. Nc4 Qb5 19. b3 Nd5 20. Ne5 Qxe2+ 21. Kxe2 Rc7 22. c4 Nb6 23. Be3 f6 24. Nxg6+ 1-0

[Event "*** Titled Tuesday Blitz"]
[Site "Chess.com"]
[Date "2021.02.02"]
[Round "6"]
[White "arctic_t00"]
[Black "CalinGheorghiu"]
[Result "1-0"]
[WhiteElo "2532"]
[BlackElo "2263"]
[TimeControl "180+1"]
[EndTime "11:06:33 PST"]
[Termination "arctic_t00 won by resignation"]

1. Nf3 d5 2. g3 Nf6 3. Bg2 c5 4. O-O Nc6 5. d4 cxd4 6. Nxd4 e5 7. Nxc6 bxc6 8. c4 Be6 9. Bg5 Be7 10. Nc3 e4 11. cxd5 cxd5 12. Qa4+ Qd7 13. Rfd1 Qxa4 14.
Nxa4 O-O 15. Rac1 Rac8 16. Be3 a6 17. Nc5 Bxc5 18. Bxc5 Rfd8 19. Bd4 Ne8 20. f3 f5 21. fxe4 fxe4 22. e3 Nd6 23. Bf1 a5 24. Bb6 Rxc1 25.
Rxc1 Nc4 26. Bxd8 Nxe3 27. Bb6 1-0

[Event "*** Titled Tuesday Blitz"]
[Site "Chess.com"]
[Date "2021.02.02"]
[Round "6"]
[White "DFeco"]
[Black "ketster"]
[Result "0-1"]
[WhiteElo "2237"]
[BlackElo "2385"]
[TimeControl "180+1"]
[EndTime "11:06:36 PST"]
[Termination "ketster won by resignation"]

1. c4 Nf6 2. g3 e6 3. Bg2 d5 4. Nf3 d4 5. O-O c5 6. e3 Nc6 7. exd4 cxd4 8. Re1 Be7 9. b3 Nd7 10.
Bb2 e5 11. d3 O-O 12. Ba3 Bxa3 13. Nxa3 f6 14. Nb5 Nc5 15. Qd2 a6 16. Na3 Bf5 17. Bf1 Qb6 18. Nc2 a5 19. Rab1 Nb4 20. Nxb4 axb4 21. a4 bxa3 22. b4 a2 23. Ra1 Nb3 24. Qb2 Nxa1 25. Rxa1 Qa6 26. Nd2 Qa3 27. Qc2 Ra4 28. b5 Rfa8 29. Nb3 Rb4 30. Nc1 Rb2 31.
Qd1 Rb1 0-1

[Event "*** Titled Tuesday Blitz"]
[Site "Chess.com"]
[Date "2021.02.02"]
[Round "6"]
[White "vovachesss"]
[Black "jefferyx"]
[Result "0-1"]
[WhiteElo "2738"]
[BlackElo "2967"]
[TimeControl "180+1"]
[EndTime "11:06:38 PST"]
[Termination "jefferyx won by resignation"]

1. d4 Nf6 2. Nc3 d5 3. Bf4 e6 4.
e3 Bb4 5. Bd3 c5 6. dxc5 Nbd7 7.
Nf3 Nxc5 8. O-O Bxc3 9. bxc3 O-O 10. c4 b6 11. cxd5 Nxd5 12. Be5 Bb7 13. Qe2 Rc8 14. Rfd1 Qe7 15. c4 Nxd3 16. Rxd3 Rxc4 17. e4 Nb4 18. Bd6 Qf6 19. Bxf8 Nxd3 20. Rd1 Bxe4 21. Nd2 Rc2 22. Qxe4 Qxf2+ 23. Kh1 Qxd2 24. Rf1 Nf2+ 25. Rxf2 Rc1+ 0-1

[Event "*** Titled Tuesday Blitz"]
[Site "Chess.com"]
[Date "2021.02.02"]
[Round "6"]
[White "Spalir"]
[Black "BrandonJacobson"]
[Result "1-0"]
[WhiteElo "2646"]
[BlackElo "2833"]
[TimeControl "180+1"]
[EndTime "11:06:38 PST"]
[Termination "Spalir won by resignation"]

1. e4 c5 2. Nf3 Nc6 3. d4 cxd4 4. Nxd4 Nf6 5. Nc3 d6 6. Bg5 e6 7. f4 Be7 8. Qd2 h6 9. Bxf6 Bxf6 10. Nb3 O-O 11. O-O-O Be7 12. Kb1 a6 13. g4 b5 14.
h4 Rb8 15. g5 h5 16. g6 fxg6 17. Rg1 Qe8 18. Bd3 e5 19. f5 gxf5 20. Qh6 Bf6 21. exf5 Qf7 22. Be4 Ne7 23. Nd5 Nxf5 24. Nxf6+ Qxf6 25. Bd5+ Rf7 26. Qxf6 1-0

[Event "*** Titled Tuesday Blitz"]
[Site "Chess.com"]
[Date "2021.02.02"]
[Round "6"]
[White "ShimanovAlex"]
[Black "temiksmozg"]
[Result "1-0"]
[WhiteElo "2835"]
[BlackElo "2625"]
[TimeControl "180+1"]
[EndTime "11:06:39 PST"]
[Termination "ShimanovAlex won by resignation"]

1. e4 c5 2. Nc3 e6 3. d4 cxd4 4. Qxd4 Nc6 5. Qe3 Nf6 6. Bd2 Ng4 7. Qg3 h5 8. O-O-O Bc5 9. Nh3 Qf6 10. f4 d6 11. Be2 Nd4 12. Bxg4 hxg4 13. Qxg4 Bd7 14. e5 Qf5 15. Qxf5 Nxf5 16. Ne4 Bc6 17. Nhg5 b6 18. b4 Bd4 19. c3 d5 20. Ng3 1-0

[Event "*** Titled Tuesday Blitz"]
[Site "Chess.com"]
[Date "2021.02.02"]
[Round "6"]
[White "SanchezKelvin"]
[Black "BikingBrian"]
[Result "0-1"]
[WhiteElo "2458"]
[BlackElo "2327"]
[TimeControl "180+1"]
[EndTime "11:06:41 PST"]
[Termination "BikingBrian won by resignation"]

1. e4 c5 2. Nf3 g6 3. d4 cxd4 4. Qxd4 Nf6 5. e5 Nc6 6. Qa4 Nd5 7. Qe4 Nb6 8. Nc3 d5 9. exd6 Bf5 10. Qe3 Qxd6 11. Bb5 Bg7 12. O-O O-O 13. Rd1 Qc7 14.
Bxc6 bxc6 15. Qe2 Rad8 16. Bg5 Rxd1+ 17. Rxd1 Rd8 18. Rxd8+ Qxd8 19. Qxe7 Qxe7 20. Bxe7 Bxc2 21. Bc5 Nc4 22. Bxa7 Nxb2 23. Bd4 Bd3 24. Bxg7 Kxg7 25. Ne5 c5 26. a4 Ba6 27. f4 f6 28. Nd7 c4 29.
Nc5 Bc8 30. a5 Nd3 31. Nxd3 cxd3 32. Kf2 Kf7 33. Na4 Ba6 34. Nc5 d2 0-1

[Event "*** Titled Tuesday Blitz"]
[Site "Chess.com"]
[Date "2021.02.02"]
[Round "6"]
[White "HElissalt"]
[Black "IMRosen"]
[Result "1-0"]
[WhiteElo "2246"]
[BlackElo "2539"]
[TimeControl "180+1"]
[EndTime "11:06:44 PST"]
[Termination "HElissalt won by resignation"]

1. d4 Nf6 2. c4 e5 3. dxe5 Ng4 4. e3 Nxe5 5. f4 Nec6 6. Nf3 Bc5 7. Bd3 d6 8. Nc3 O-O 9. O-O Re8 10. Ng5 h6 11. Nd5 hxg5 12. Qh5 f5 13. fxg5 Ne5 14. g6 Nxg6 15.
Qxg6 c6 16. Nf4 Qf6 17. Qxe8+ Kh7 18. Qxc8 1-0

[Event "*** Titled Tuesday Blitz"]
[Site "Chess.com"]
[Date "2021.02.02"]
[Round "6"]
[White "Frolyanov_D"]
[Black "erdni1993"]
[Result "1-0"]
[WhiteElo "2608"]
[BlackElo "2459"]
[TimeControl "180+1"]
[EndTime "11:06:47 PST"]
[Termination "Frolyanov_D won by resignation"]

1. d4 Nf6 2. c4 e6 3. Nc3 c5 4.
d5 exd5 5. cxd5 Bd6 6. Nf3 O-O 7. g3 h6 8. Bg2 a6 9. a4 Re8 10. O-O Bc7 11. Re1 d6 12. h3 Nbd7 13. e4 Rb8 14. g4 b5 15. axb5 axb5 16. g5 hxg5 17. Bxg5 b4 18. Nb1 Ne5 19. Nxe5 Rxe5 20. f4 Re8 21. Nd2 Bd7 22. Kh1 Qc8 23. Bxf6 gxf6 24. Qh5 Kf8 25. Nc4 Bb5 26. e5 dxe5 27. fxe5 Bxe5 28. Ra7 1-0

[Event "*** Titled Tuesday Blitz"]
[Site "Chess.com"]
[Date "2021.02.02"]
[Round "6"]
[White "kasparicy"]
[Black "AttilaTurzo"]
[Result "1/2-1/2"]
[WhiteElo "2348"]
[BlackElo "2543"]
[TimeControl "180+1"]
[EndTime "11:06:47 PST"]
[Termination "Game drawn by repetition"]

1. e4 e5 2. Nf3 Nc6 3. Bc4 Bc5 4. O-O Nf6 5. d4 Bxd4 6. Nxd4 Nxd4 7. f4 d6 8. fxe5 dxe5 9. Bg5 Be6 10. Na3 Qe7 11.
Bxf6 gxf6 12. c3 Nc6 13. Qf3 Qc5+ 14. Qf2 Qxf2+ 15. Rxf2 Ke7 16. Raf1 f5 17. exf5 Bxc4 18. Nxc4 f6 19. Ne3 Rad8 20. c4 Rd7 21. Nd5+ Kf7 22. Rf3 Ne7 23. Nxe7 Kxe7 24. Rh3 h5 25. Rg3 Kf7 26. Rg6 Rd2 27. Rf2 Rhd8 28. Rh6 Rd1+ 29. Rf1 Rxf1+ 30. Kxf1 Kg7 31. Rg6+ Kf7 32. Rh6 Kg7 33.
Rg6+ Kf7 34. Rh6 1/2-1/2

[Event "*** Titled Tuesday Blitz"]
[Site "Chess.com"]
[Date "2021.02.02"]
[Round "6"]
[White "CzechmVIII"]
[Black "WonderChampion"]
[Result "1-0"]
[WhiteElo "2271"]
[BlackElo "2067"]
[TimeControl "180+1"]
[EndTime "11:06:47 PST"]
[Termination "CzechmVIII won by checkmate"]

1. e4 c5 2. Nf3 g6 3. d4 cxd4 4. Qxd4 Nf6 5. Nc3 Bg7 6. e5 Nc6 7. Qa4 Ng8 8. Bf4 f6 9. exf6 Nxf6 10. Bc4 d5 11. O-O-O Be6 12. Ng5 Qd7 13. Nxe6 Qxe6 14.
Rhe1 Qf7 15. Nxd5 Nxd5 16. Bxd5 Qf6 17. Be5 Qg5+ 18. f4 Qh6 19. Bxc6+ bxc6 20. Qxc6+ Kf7 21.
Qd5+ Ke8 22. Qxa8+ Kf7 23. Qd5+ Ke8 24. Bxg7 Qxg7 25. Qc6+ Kf7 26. Qe6+ Ke8 27. Rd7 Qf7 28. Rxe7+ Qxe7 29. Qxe7# 1-0

[Event "*** Titled Tuesday Blitz"]
[Site "Chess.com"]
[Date "2021.02.02"]
[Round "6"]
[White "PLAYER_2006_M"]
[Black "fabianvivasz"]
[Result "1-0"]
[WhiteElo "2544"]
[BlackElo "2313"]
[TimeControl "180+1"]
[EndTime "11:06:50 PST"]
[Termination "PLAYER_2006_M won on time"]

1. d4 Nf6 2. Nc3 d5 3. Bf4 a6 4. e3 c5 5. dxc5 Nc6 6. Nf3 Bg4 7. Be2 e6 8. Na4 Bxc5 9. Nxc5 Qa5+ 10. c3 Qxc5 11. O-O O-O 12. h3 Bxf3 13. Bxf3 b5 14.
Rc1 h6 15. Re1 Rfd8 16. Bg3 a5 17. Bh4 a4 18. Bxf6 gxf6 19. Bh5 Qc4 20. b3 Qh4 21. g3 Qg5 22. Be2 Rdb8 23. c4 bxc4 24. bxc4 Nb4 25.
cxd5 Nxd5 26. Rc4 Rb2 27. Rg4 Nc3 28. Rxg5+ hxg5 29. Qd3 Rc8 30. a3 e5 31. Bg4 e4 32.
Qd4 1-0

[Event "*** Titled Tuesday Blitz"]
[Site "Chess.com"]
[Date "2021.02.02"]
[Round "6"]
[White "Tartody"]
[Black "Azde"]
[Result "1-0"]
[WhiteElo "2644"]
[BlackElo "2471"]
[TimeControl "180+1"]
[EndTime "11:06:52 PST"]
[Termination "Tartody won by resignation"]

1. Nf3 Nf6 2. b3 d5 3. Bb2 Bf5 4. d3 e6 5. Nbd2 Be7 6. e4 Bg6 7. e5 Nfd7 8. h4 Bh5 9. Be2 c5 10. c4 d4 11. b4 Nc6 12. bxc5 Bxf3 13. Nxf3 Nxc5 14. h5 h6 15. Rh3 Qa5+ 16. Kf1 Rd8 17. Rg3 Rg8 18. Bc1 Kf8 19. Bf4 Qc7 20. Qd2 b6 21. Bxh6 Nxe5 22. Bxg7+ Rxg7 23. Qh6 1-0

[Event "*** Titled Tuesday Blitz"]
[Site "Chess.com"]
[Date "2021.02.02"]
[Round "6"]
[White "Aslanov_Umid"]
[Black "NateSolon"]
[Result "1-0"]
[WhiteElo "2344"]
[BlackElo "2530"]
[TimeControl "180+1"]
[EndTime "11:06:52 PST"]
[Termination "Aslanov_Umid won by resignation"]

1. e4 c5 2. Nf3 d6 3. d4 cxd4 4.
Nxd4 Nf6 5. Nc3 a6 6. Bc4 e6 7.
Bb3 b5 8. O-O Be7 9. Be3 O-O 10.
Qf3 Bb7 11. Bg5 b4 12. Bxf6 Bxf6 13. Nce2 Nc6 14. Nxc6 Bxc6 15. Rab1 Qc7 16. Rfd1 Qb7 17. Ng3 Rfd8 18. Qg4 g6 19. h4 Qe7 20. h5 Be5 21. f4 Bg7 22. hxg6 hxg6 23. f5 Qa7+ 24. Kh1 Be5 25.
fxg6 f5 26. Bxe6+ Kf8 27. Qxf5+ Kg7 1-0

[Event "*** Titled Tuesday Blitz"]
[Site "Chess.com"]
[Date "2021.02.02"]
[Round "6"]
[White "Rsnr"]
[Black "LyonBeast"]
[Result "0-1"]
[WhiteElo "2787"]
[BlackElo "3101"]
[TimeControl "180+1"]
[EndTime "11:06:53 PST"]
[Termination "LyonBeast won by resignation"]

1. d4 d5 2. c4 c6 3. Nf3 Nf6 4. Nc3 e6 5. Bg5 h6 6. Bh4 Nbd7 7. e3 Bd6 8. Qc2 a6 9. Bd3 b5 10. b3 Bb7 11. O-O O-O 12. Bg3 Qe7 13. e4 Bxg3 14. hxg3 b4 15. e5 bxc3 16. exf6 Qxf6 17. Qxc3 c5 18.
Rfd1 Rfd8 19. Rac1 cxd4 20. Nxd4 e5 21. Nf5 d4 22. Qc2 Nc5 23. g4 h5 24. gxh5 e4 0-1

[Event "*** Titled Tuesday Blitz"]
[Site "Chess.com"]
[Date "2021.02.02"]
[Round "6"]
[White "dropstoneDP"]
[Black "elohunter1999"]
[Result "1-0"]
[WhiteElo "2948"]
[BlackElo "2662"]
[TimeControl "180+1"]
[EndTime "11:06:53 PST"]
[Termination "dropstoneDP won by resignation"]

1. g3 f5 2. Bg2 Nf6 3. d4 g6 4.
Nf3 Bg7 5. O-O O-O 6. a4 d6 7. a5 c6 8. Nc3 Na6 9. Re1 Qc7 10. e4 Nxe4 11. Nxe4 fxe4 12. Rxe4 Bf5 13. Re2 e5 14. dxe5 dxe5 15. Ng5 Rad8 16. Qe1 Rd7 17. Bd2 e4 18. Bc3 Re8 19. Nxe4 Bxe4 20. Bxe4 Bxc3 21. Bd5+ cxd5 22. Rxe8+ Kf7 23. Qe6+ Kg7 24. Rg8+ Kh6 25. Qh3+ Kg5 26. Qh4+ Kf5 27. bxc3 Rf7 28. Re1 Nc5 29. g4+ Kf4 30. Qg3+ Kg5 31. h4+ Kh6 32. Qxc7 Rxc7 33. Re5 Ne4 34. Rh5+ gxh5 35. g5+ 1-0

[Event "*** Titled Tuesday Blitz"]
[Site "Chess.com"]
[Date "2021.02.02"]
[Round "6"]
[White "utsavp"]
[Black "cukin84"]
[Result "1-0"]
[WhiteElo "2299"]
[BlackElo "2132"]
[TimeControl "180+1"]
[EndTime "11:06:53 PST"]
[Termination "utsavp won by resignation"]

1. e4 c6 2. Nf3 d5 3. Nc3 Nf6 4. e5 Ne4 5. d4 Bg4 6. Bd3 Nxc3 7. bxc3 e6 8. h3 Bh5 9. g4 Bg6 10. Bg5 Be7 11. Bxe7 Qxe7 12. h4 Nd7 13. h5 Bxd3 14.
Qxd3 c5 15. Kf1 b6 16. Kg2 O-O 17. g5 f6 18. gxf6 gxf6 19. Rag1 fxe5 20. Kf1+ Kh8 21. Nxe5 Nxe5 22. dxe5 Rf5 23. h6 Raf8 24. Rh2 Qc7 25. Qg3 R5f7 26. Rhg2 Qc8 27. Qg7+ Rxg7 28. hxg7+ Kg8 29.
gxf8=Q+ Kxf8 30. Rg8+ 1-0

[Event "*** Titled Tuesday Blitz"]
[Site "Chess.com"]
[Date "2021.02.02"]
[Round "6"]
[White "VladimirPotkin"]
[Black "Grimlock_Glasgow"]
[Result "1-0"]
[WhiteElo "2656"]
[BlackElo "2489"]
[TimeControl "180+1"]
[EndTime "11:06:54 PST"]
[Termination "VladimirPotkin won by resignation"]

1. c4 f5 2. d4 Nf6 3. g3 e6 4. Bg2 d5 5. Nh3 Bd6 6. O-O O-O 7. Bf4 Be7 8. Nc3 h6 9. Be5 c6 10. Nf4 Bd6 11. Ng6 Re8 12. Qc2 Bxe5 13. Nxe5 Nbd7 14.
cxd5 exd5 15. f4 Nb6 16. b4 a6 17. a4 Be6 18. b5 cxb5 19. axb5 a5 20. Na4 Nxa4 21.
Qxa4 Ne4 22. Rfc1 Qd6 23. Bf3 Qb4 24. Qxb4 axb4 25. Rab1 Ra4 26. Rc7 Nc3 27. Rb2 Ra2 28. Rxb4 Rb8 29. Rxc3 1-0

[Event "*** Titled Tuesday Blitz"]
[Site "Chess.com"]
[Date "2021.02.02"]
[Round "6"]
[White "mshuaau0"]
[Black "akanga001"]
[Result "1-0"]
[WhiteElo "2266"]
[BlackElo "1981"]
[TimeControl "180+1"]
[EndTime "11:06:55 PST"]
[Termination "mshuaau0 won by resignation"]

1. e4 c6 2. Nf3 d5 3. e5 Bg4 4. d4 e6 5. Nbd2 Ne7 6. h3 Bh5 7. Nb3 Nc8 8. Be2 Nb6 9. O-O N8d7 10. Be3 Rc8 11. Nfd2 Bxe2 12. Qxe2 c5 13. dxc5 Nxc5 14.
c4 dxc4 15. Nxc4 Nxb3 16. axb3 Nxc4 17. bxc4 a6 18. Rfd1 Qc7 19. Rac1 Be7 20. f4 O-O 21. c5 Rfd8 22. b4 Qc6 23. Rxd8+ Rxd8 24. Rd1 Qe4 25. Rxd8+ Bxd8 26. Qd2 Bc7 27. Qd4 Qxd4 28. Bxd4 Kf8 29. Kf2 Ke8 30. Ke3 Kd7 31. Kd3 Kc6 32. Kc4 b6 33. g4 b5+ 34. Kd3 Kd5 35. Bc3 Bd8 36. Be1 f6 37. exf6 gxf6 38. Ke3 e5 39. f5 Be7 40.
Bd2 Bf8 41. Kf3 Kc4 42. Ke4 a5 43. c6 Bd6 44. bxa5 b4 45. a6 Bc7 46. a7 b3 47. a8=Q b2 48. Qb7 b1=Q+ 49. Qxb1 1-0

[Event "*** Titled Tuesday Blitz"]
[Site "Chess.com"]
[Date "2021.02.02"]
[Round "6"]
[White "Lion-Al-Messi"]
[Black "Jadeit90"]
[Result "0-1"]
[WhiteElo "2555"]
[BlackElo "2426"]
[TimeControl "180+1"]
[EndTime "11:06:56 PST"]
[Termination "Jadeit90 won by resignation"]

1. e4 g6 2. d4 Bg7 3. Nc3 c5 4.
Nf3 cxd4 5. Nxd4 Nc6 6. Nxc6 bxc6 7. Be2 Nf6 8. e5 Nd5 9. Nxd5 cxd5 10. Qxd5 Rb8 11.
O-O O-O 12. Rd1 Qb6 13. Be3 Qxb2 14. Bd4 Qb7 15. Qxb7 Rxb7 16. Bf3 Rc7 17. c3 Ba6 18. Rab1 Bc4 19. a4 Rfc8 20. a5 f6 21. Rb7 fxe5 22.
Bxa7 Rxb7 23. Bxb7 Rc7 24. Rb1 Bd3 25. Rb3 Bc4 26. Bb8 Rc5 27. Ra3 Rb5 28. f4 Rxb7 29. Bxe5 Bxe5 30. fxe5 Kf7 31. Kf2 Ke6 32. Ra4 Ba6 33.
Ke3 Rb5 34. c4 Rxe5+ 35. Kd4 d6 36. Ra3 Kd7 37. g4 Kc6 38. h4 Rc5 39. Ra4 e5+ 40.
Kd3 d5 41. Rb4 Bxc4+ 42. Ke3 Rxa5 43. Rb8 Ra3+ 44. Kf2 Ra7 45. Rc8+ Rc7 46. Rf8 e4 47. Rf6+ Kc5 48. Ke3 Bd3 49. Kf4 Kd4 50. Kg5 e3 51. Re6 e2 52. Kh6 Be4 53. h5 e1=Q 54. Rxe4+ Qxe4 55.
g5 Qf5 0-1

[Event "*** Titled Tuesday Blitz"]
[Site "Chess.com"]
[Date "2021.02.02"]
[Round "6"]
[White "lachesisQ"]
[Black "Blitzstream"]
[Result "1-0"]
[WhiteElo "3065"]
[BlackElo "2753"]
[TimeControl "180+1"]
[EndTime "11:06:58 PST"]
[Termination "lachesisQ won by checkmate"]

1. b3 e5 2. Bb2 Nc6 3. Nf3 d6 4. d4 exd4 5. Nxd4 Nxd4 6. Qxd4 Nf6 7. Nc3 Be7 8. O-O-O Be6 9. e4 O-O 10. f4 c5 11. Qd2 c4 12. f5 Bd7 13. Bxc4 Bc6 14.
Rhe1 Nd7 15. Kb1 Ne5 16. Bd5 Rc8 17. Bxc6 bxc6 18. Ne2 Qb6 19. Ng3 Rb8 20. Nh5 f6 21. Nf4 d5 22. Bxe5 fxe5 23. Ne6 d4 24. Nxf8 Kxf8 25.
c3 Bc5 26. f6 gxf6 27. Qh6+ Ke7 28. Qxh7+ Ke6 29. Rf1 Rf8 30. g4 dxc3 31. Qd7# 1-0

[Event "*** Titled Tuesday Blitz"]
[Site "Chess.com"]
[Date "2021.02.02"]
[Round "6"]
[White "Skatchkov_V"]
[Black "Loy_Konstantin"]
[Result "1-0"]
[WhiteElo "2536"]
[BlackElo "2370"]
[TimeControl "180+1"]
[EndTime "11:06:58 PST"]
[Termination "Skatchkov_V won by resignation"]

1. e4 c5 2. Nc3 Nc6 3. g3 g6 4. Bg2 Bg7 5. Nge2 e6 6. O-O Nge7 7. d3 O-O 8. Be3 Nd4 9. Qd2 d5 10. exd5 Nxd5 11. Bxd4 cxd4 12. Nxd5 exd5 13. Nf4 Be6 14.
Nxe6 fxe6 15. Rae1 Qd6 16. f4 Rac8 17. Re2 e5 18. fxe5 Rxf1+ 19. Kxf1 Bxe5 20. Qa5 Rf8+ 21. Kg1 Bg7 22. Qxa7 Bh6 23. Qxd4 Rd8 24. Re5 Bg7 25.
Qxd5+ Qxd5 26. Rxd5 Rxd5 27. Bxd5+ Kf8 28. Bxb7 Bxb2 29.
Kf2 Ke7 30. Kf3 Kd6 31. Ke4 h6 32. a4 Bc3 33. d4 Ba5 34. c4 1-0

[Event "*** Titled Tuesday Blitz"]
[Site "Chess.com"]
[Date "2021.02.02"]
[Round "6"]
[White "KeithArkell"]
[Black "andrewtnb"]
[Result "1-0"]
[WhiteElo "2428"]
[BlackElo "2288"]
[TimeControl "180+1"]
[EndTime "11:06:59 PST"]
[Termination "KeithArkell won on time"]

1. d4 Nf6 2. Nf3 e6 3. c4 d5 4. cxd5 exd5 5. Nc3 c6 6. Qc2 g6 7. Bg5 Be7 8. Bxf6 Bxf6 9. e3 O-O 10. b4 a5 11. b5 Bf5 12. Bd3 Bxd3 13. Qxd3 Nd7 14. bxc6 bxc6 15. Rc1 c5 16. Nxd5 cxd4 17. Nxf6+ Nxf6 18. Qxd4 Qxd4 19. Nxd4 Rab8 20. Ke2 Nd5 21. Rc2 Rfc8 22.
Rhc1 Rxc2+ 23. Rxc2 Rb1 24. Rc5 Rb2+ 25. Kf3 Nb4 26.
Rxa5 Nxa2 27. Ra8+ Kg7 28. Ra7 Nb4 29. Ne6+ Kf6 30.
Nd8 Nd3 31. Rxf7+ Kg5 32. Kg3 h5 33. h4+ Kh6 34. Ne6 1-0

[Event "*** Titled Tuesday Blitz"]
[Site "Chess.com"]
[Date "2021.02.02"]
[Round "6"]
[White "Skat2704"]
[Black "pheonixking2000"]
[Result "0-1"]
[WhiteElo "2511"]
[BlackElo "2726"]
[TimeControl "180+1"]
[EndTime "11:07:02 PST"]
[Termination "pheonixking2000 won by resignation"]

1. d4 d5 2. Nf3 Bf5 3. c4 e6 4.
Nc3 Nf6 5. Bg5 c6 6. e3 Nbd7 7. Bd3 Bxd3 8. Qxd3 Bb4 9. O-O O-O 10. a3 Bxc3 11. bxc3 Qa5 12. Bxf6 Nxf6 13. Rfb1 Qa6 14. Ne5 Rfd8 15. Qf1 dxc4 16. Qxc4 Qxc4 17. Nxc4 b6 18. Ne5 Rac8 19. h3 c5 20. a4 Ne4 21. Rc1 f6 22. Nf3 Kf7 23. a5 b5 24. Kf1 a6 25.
Ke2 cxd4 26. cxd4 Ke7 27. Nd2 Nxd2 28. Kxd2 Kd7 29. Kd3 g6 30. h4 f5 31. g3 h6 32.
Rc3 Rxc3+ 33. Kxc3 Rc8+ 34. Kb3 Rc4 35. Ra2 Rc1 36. Rc2 Ra1 37. Kb4 Ra4+ 38. Kc5 Rxa5 39. Kb6 Ra1 40. Rc7+ Kd6 41. Rc6+ Kd5 42. Rc5+ Ke4 43.
Re5+ Kf3 44. Rxe6 b4 45. d5 b3 46. d6 b2 47. d7 b1=Q+ 48. Kc7 Qc2+ 49. Rc6 Qxc6+ 50.
Kxc6 Rd1 51. Kc7 a5 0-1

[Event "*** Titled Tuesday Blitz"]
[Site "Chess.com"]
[Date "2021.02.02"]
[Round "6"]
[White "esapunov"]
[Black "Dedic8"]
[Result "1-0"]
[WhiteElo "2631"]
[BlackElo "2808"]
[TimeControl "180+1"]
[EndTime "11:07:03 PST"]
[Termination "esapunov won by resignation"]

1. c4 c5 2. Nf3 Nf6 3. Nc3 Nc6 4. e3 e5 5. d4 e4 6. Nd2 cxd4 7. exd4 Bb4 8. Nb3 d5 9. c5 O-O 10. Bf4 Bg4 11. Qd2 Na5 12. h3 Be6 13. Nxa5 Bxa5 14.
a3 Nh5 15. Bd6 Re8 16. Be2 Nf6 17. O-O a6 18. Qf4 Rc8 19. b4 Bc7 20. Bxc7 Rxc7 21. b5 axb5 22. Nxb5 Rc6 23. Nd6 Re7 24. Rfb1 Qa5 25.
Nxb7 Qc3 26. Qe3 Qc2 27. a4 Rcc7 28. Nd6 Ra7 29. Bd1 1-0

[Event "*** Titled Tuesday Blitz"]
[Site "Chess.com"]
[Date "2021.02.02"]
[Round "6"]
[White "barriochess"]
[Black "Khnykin_Nikolay"]
[Result "1-0"]
[WhiteElo "2424"]
[BlackElo "2088"]
[TimeControl "180+1"]
[EndTime "11:07:06 PST"]
[Termination "barriochess won by checkmate"]

1. d4 e6 2. c4 f5 3. g3 Nf6 4.
Bg2 Be7 5. Nf3 O-O 6. O-O d5 7.
Qc2 c6 8. b3 Ne4 9. Bb2 Bd6 10.
Ba3 Bxa3 11. Nxa3 f4 12. Ne5 fxg3 13. hxg3 Nd7 14. Nxd7 Bxd7 15. Bxe4 dxe4 16. Qxe4 Qg5 17. Nc2 Rae8 18. Ne3 c5 19. Qe5 Qg6 20. Qxc5 Bc6 21. Qe5 Qh6 22. f3 Rf5 23. Nxf5 exf5 24. Qf4 Qh5 25. Rf2 g5 26. Qxf5 Rf8 27. Qg4 Qg6 28.
d5 Be8 29. Qe4 Qg7 30. Rd1 Bf7 31. Qd4 Qh6 32. Rh2 Qg6 33. g4 Be8 34. Qe5 Bf7 35. Rh5 Be8 36. Rxg5 Qxg5 37. Qxg5+ Bg6 38. d6 Kg7 39. d7 Rf7 40. d8=Q h6 41. Qd4+ Kh7 42. Qge5 Rg7 43. Qxg7# 1-0

[Event "*** Titled Tuesday Blitz"]
[Site "Chess.com"]
[Date "2021.02.02"]
[Round "6"]
[White "KuzubovYuriy"]
[Black "Kiborg95"]
[Result "1-0"]
[WhiteElo "2842"]
[BlackElo "2655"]
[TimeControl "180+1"]
[EndTime "11:07:07 PST"]
[Termination "KuzubovYuriy won by resignation"]

1. d4 Nf6 2. Nf3 d6 3. Nbd2 Bf5 4. c3 h6 5. g3 e6 6. Bg2 d5 7. O-O Nbd7 8. b4 a5 9. b5 a4 10. c4 c6 11. bxc6 bxc6 12. Ne5 Nxe5 13. dxe5 Ne4 14. cxd5 cxd5 15. Nxe4 dxe4 16. Be3 Qa5 17. Qd4 Rd8 18. Qc4 Be7 19. Qc6+ Rd7 20. Rfd1 1-0